 Dungeon Crawl Stone Soup version 0.27-a0-1500-g450c7e4133 (webtiles) character file.

Game seed: 1898031453588253509

59 Nosferatu13666 the Skirmisher (level 4, 0/35 HPs)
             Began as a Human Berserker on July 8, 2021.
             Was a Believer of Trog.
             Succumbed to a gnoll's poison
             ... on level 2 of the Dungeon.
             The game lasted 00:03:01 (1941 turns).

Nosferatu13666 the Skirmisher (Human Berserker)     Turns: 1941, Time: 00:03:01

Health: 0/35       AC:  6    Str: 17    XL:     4   Next: 22%
Magic:  5/5        EV: 12    Int:  7    God:    Trog [**....]
Gold:   41         SH:  0    Dex: 14    Spells: 3/3 levels left

rFire    . . .     SeeInvis .   a - +0 falchion
rCold    . . .     Faith    .   (no shield)
rNeg     . . .     Spirit   .   b - +0 animal skin
rPois    .         Reflect  .   (no helmet)
rElec    .         Harm     .   (no cloak)
rCorr    .         Rampage  .   (no gloves)
Will     .....                  (no boots)
Stlth    +.........             (no amulet)
HPRegen  0.11/turn              f - +4 ring of protection
MPRegen  0.09/turn              (no ring)

@: lethally poisoned (0 -> -16)
A: no striking features
a: Renounce Religion, Berserk, Trog's Hand


You were on level 2 of the Dungeon.
You worshipped Trog.
Trog was pleased with you.
You visited 1 branch of the dungeon, and saw 2 of its levels.

You collected 41 gold pieces.

Inventory:

Hand Weapons
 a - a +0 falchion (weapon)
Armour
 b - a +0 animal skin (worn)
Jewellery
 f - a +4 ring of protection (left hand)
Scrolls
 d - a scroll of identify {unknown}
 g - a scroll of blinking {unknown}
Potions
 c - a potion of magic
 e - a potion of curing {unknown}


   Skills:
 + Level 3.4 Fighting
 + Level 3.4 Long Blades
 + Level 2.4 Armour
 + Level 2.5 Dodging
 + Level 1.4 Invocations


You had 3 spell levels left.
You didn't know any spells.
Your spell library was empty.

Dungeon Overview and Level Annotations

Branches:
Dungeon (2/15)

Altars:

Shops:
D:1 !


Message History

You kill the goblin!
Trog accepts your kill.
You see here a +0 club.
You hit the endoplasm.
The endoplasm is almost dead.
The endoplasm hits you but does no damage.
You slash the endoplasm!
You kill the endoplasm!
Trog accepts your kill.
You now have 41 gold pieces (gained 9).
Found an escape hatch in the ceiling.
A gnoll comes into view. It is wielding a +0 halberd.
A gnoll comes into view. It is wielding a +2 whip of venom.
The gnoll shouts!
There is an escape hatch in the ceiling here.
A gnoll comes into view. It is wielding a +0 club.
The gnoll shouts!
The gnoll closely misses you.
You hit the gnoll.
The gnoll is moderately wounded.
The gnoll hits you from afar with a +0 halberd!
The gnoll barely misses you.
You riposte.
You closely miss the gnoll.
The gnoll is moderately wounded.
You hit the gnoll.
The gnoll is severely wounded.
The gnoll hits you from afar with a +0 halberd.
The gnoll hits you with a +2 whip of venom.
You are poisoned.
You hit the gnoll but do no damage.
The gnoll is severely wounded.
You feel very sick.
The gnoll hits you from afar with a +0 halberd.
* * * LOW HITPOINT WARNING * * *
* * * LOW HITPOINT WARNING * * *
You feel sick. The gnoll closely misses you.
The gnoll hits you with a +2 whip of venom.
* * * LOW HITPOINT WARNING * * *
You are more poisoned.
It was a potion of magic.
Magic courses through your body.
You die...

########
##########......#
#....gg@...####.########
#.######g...<..........#
#..
........#####....###.#
#.. ..####..# ####.# #.#
##.# #.####..# #.# #.#
## #..# #...##..#
##.###.# .####
#..###....#..###
###.......
.(..###...............
..#....)..
................#.>#
#>#.......


You could see 3 gnolls.

Vanquished Creatures
  An adder (D:2)
  5 bats
  4 endoplasms
  3 giant cockroaches (D:1)
  5 goblins
  3 hobgoblins (D:1)
  9 jackals (D:1)
  5 kobolds (D:1)
  2 quokkas (D:1)
  A ball python (D:1)
  4 frilled lizards (D:1)
  A rat (D:1)
43 creatures vanquished.

Vanquished Creatures (others)
  5 plants (D:1)
5 creatures vanquished.

Grand Total: 48 creatures vanquished

Notes
Turn   | Place    | Note
-------+----------+-------------------------------------------
     0 | D:1      | Nosferatu13666 the Human Berserker began the quest for the
                  | Orb.
     0 | D:1      | Reached XP level 1. HP: 18/18 MP: 1/1
    27 | D:1      | Reached XP level 2. HP: 17/24 MP: 2/2
   330 | D:1      | Found a faded altar of an unknown god.
   486 | D:1      | Reached XP level 3. HP: 29/29 MP: 3/3
   525 | D:1      | Found Aphorygg's Distillery.
   529 | D:1      | Reached skill level 1 in Invocations
   827 | D:1      | Reached ** piety under Trog
  1752 | D:2      | Reached XP level 4. HP: 28/35 MP: 3/5
  1941 | D:2      | Succumbed to a gnoll's poison

Illustrated notes

Levels and vault maps discovered:
D:1:      enne_arrival_octagon_isle, layout_basic,
          hellmonk_ecumenical_altar_slurped_away, serial_shops, shop,
          serial_bayou_lagoon_a
D:2:      layout_loops_ring, kennysheep_cluttered_room, skrybe_limestone_x

Skill      XL: |  1  2  3 |
---------------+----------+-----
Invocations    | 1 |  1.4
Fighting       | |  3.4
Long Blades    | |  3.4
Armour         | |  2.4
Dodging        | |  2.5

Action                   |  1- 3 |  4- 6 || total
-------------------------+-------+-------++-------
Melee: Falchion          |   104 |     7 ||   111
Invok: Berserk           |     1 |       ||     1
  Use: Potion            |       |     1 ||     1
 Stab: Sleeping          |     3 |       ||     3
Armor: Animal skin       |    28 |     1 ||    29
Dodge: Dodged            |   106 |     8 ||   114
       Rpst.: Falchion   |    33 |     4 ||    37

Table legend: (Time is in decaauts)
 A = Elapsed time spent in this place.
 B = Non-inter-level travel time spent in this place.
 C = Inter-level travel time spent in this place.
 D = Time resting spent in this place.
 E = Time spent auto-exploring this place.
 F = Levels seen in this place.
 G = Mean time per level.
                   A        B        C        D        E       F      G
               +--------+--------+--------+--------+--------+-----+--------+
         Total |   1984 |   1944 |     40 |      0 |   1665 |   2 |  992.0 |
       Dungeon |   1984 |   1944 |     40 |      0 |   1665 |   2 |  992.0 |
               +--------+--------+--------+--------+--------+-----+--------+

Top non-repeatable levels by time:
     D:1: 1762 daAuts
     D:2: 221 daAuts
